 Dungeon Crawl Stone Soup version 0.29.1-1-gd02db6906a (webtiles) character file.

Game seed: 429193019119096084

2310 LustLizard the Grappler (level 9, -1/89 HPs)
             Began as a Troll Fighter on Sept 24, 2022.
             Was a Follower of Wu Jian.
             Slain by a killer bee (8 damage)
             ... on level 7 of the Dungeon.
             The game lasted 00:07:14 (4803 turns).

LustLizard the Grappler (Troll Fighter)             Turns: 4803, Time: 00:07:15

Health: -1/89      AC:  5    Str: 26    XL:     9   Next: 18%
Magic:  8/8        EV:  8    Int:  8    God:    Wu Jian [*.....]
Gold:   169        SH:  8    Dex:  9    Spells: 8/8 levels left

rFire   . . .      SeeInvis +     - Unarmed
rCold   . . .      Faith    .   b - +0 kite shield
rNeg    . . .      Spirit   .   D - +1 robe {Will+}
rPois   .          Reflect  .   (helmet restricted)
rElec   .          Harm     .   (no cloak)
rCorr   .          Rampage  .   (gloves unavailable)
Will    +....                   (boots unavailable)
Stlth   +.........              (no amulet)
HPRegen 1.04/turn               x - ring of see invisible
MPRegen 0.11/turn               (no ring)

@: lethally poisoned (-1 -> -1)
A: large, unfitting armour, claws 3, regeneration 1, shaggy fur 1, tough skin 1
a: Renounce Religion


You were on level 7 of the Dungeon.
You worshipped Wu Jian.
Wu Jian was aware of your devotion.
You visited 1 branch of the dungeon, and saw 7 of its levels.

You collected 313 gold pieces.
You spent 144 gold pieces at shops.

Inventory:

Missiles
 f - 3 poisoned darts
 k - 69 stones (quivered)
 q - 6 boomerangs
Armour
 a - a +0 robe
 b - a +0 kite shield (worn)
 D - a +1 robe of willpower (worn)
Jewellery
 s - a ring of wizardry
 x - a ring of see invisible (left claw)
 y - a ring of magical power
Wands
 n - a wand of mindburst (18)
Scrolls
 c - a scroll of summoning {unknown}
 g - a scroll of fear {unknown}
 h - 2 scrolls of enchant armour {unknown}
 i - 3 scrolls of immolation {unknown}
 j - 2 scrolls of amnesia {unknown}
 m - 2 scrolls of teleportation
 p - 2 scrolls of vulnerability {unknown}
 r - 2 scrolls of fog
 u - 2 scrolls of enchant weapon {unknown}
 v - 2 scrolls of poison {unknown}
 E - a scroll of noise {unknown}
Potions
 d - 3 potions of curing
 e - 3 potions of mutation
 l - 2 potions of lignification
 o - a potion of brilliance
 t - a potion of haste
 w - 2 potions of degeneration
 A - a potion of attraction
 B - a potion of flight {unknown}
 C - a potion of heal wounds {unknown}
 F - a potion of might


   Skills:
 + Level 5.6 Fighting
 - Level 2.4 Dodging
 + Level 6.2 Shields
 * Level 9.0 Unarmed Combat


You had 8 spell levels left.
You didn't know any spells.
Your spell library contained the following spells:

 Spells                   Type           Power      Damage    Failure   Level
 Sandblast                Erth           0%         2d4       67%         1
 Passwall                 Tmut/Erth      0%         N/A       80%         2
 Inner Flame              Hex/Fire       0%         N/A       95%         3
 Portal Projectile        Hex/Tloc       0%         N/A       95%         3
 Stone Arrow              Conj/Erth      0%         3d7       95%         3
 Tukima's Dance           Hex            0%         N/A       95%         3
 Cause Fear               Hex            0%         N/A       100%        4
 Blade Hands              Tmut           0%         N/A       100%        5
 Discord                  Hex            0%         N/A       100%        8


Dungeon Overview and Level Annotations

Branches:
Dungeon (7/15)             Temple (0/1) D:7

Altars:
Ashenzari
Cheibriados
Fedhas
Makhleb
Wu Jian
Zin

Shops:
D:4 *   D:5 *[*   D:6 [


Innate Abilities, Weirdness & Mutations

You are too large for most types of armour.
You have claws for hands.
Your natural rate of healing is unusually fast.
You are covered in fur. (AC +1)
You have tough skin. (AC +1)


Message History

You feel invigorated. The killer bee stings you.
* * * LOW HITPOINT WARNING * * *
You are poisoned.
The killer bee poisons you! The killer bee closely misses you.
The killer bee stings you.
* * * LOW HITPOINT WARNING * * *
The killer bee stings you but does no damage. x2
The killer bee closely misses you.
You're too confused to move!
You feel sick.
The killer bee stings you but does no damage. x2
The killer bee stings you.
* * * LOW HITPOINT WARNING * * *
The killer bee barely misses you. x2; The killer bee stings you.
* * * LOW HITPOINT WARNING * * *
Unknown command.
You completely miss the killer bee.
You feel sick. The killer bee barely misses you. The killer bee stings you!
* * * LOW HITPOINT WARNING * * *
The killer bee barely misses you.
The killer bee stings you but does no damage.
The killer bee stings you.
* * * LOW HITPOINT WARNING * * *
The killer bee barely misses you.
You feel better.
You feel less invigorated.
The killer bee stings you but does no damage. x2
The killer bee stings you.
* * * LOW HITPOINT WARNING * * *
The killer bee completely misses you. You block the killer bee's attack.
The killer bee stings you.
* * * LOW HITPOINT WARNING * * *
You are poisoned.
The killer bee poisons you!
You scratch the killer bee.
The killer bee is lightly wounded.
You feel sick. The killer bee closely misses you.
You block the killer bee's attack. The killer bee closely misses you.
You barely miss the killer bee.
The killer bee is lightly wounded.
You feel sick. You block the killer bee's attack. The killer bee stings you!
You die...

#. # ... . ..# ###' ##
#' ...#..#.. ..# #.#..#.
.. #.'.yy###'###'
#.#.y#@y"..'.#
#.#y.#y#...#.# #.'##'y#
_.#.+##+ #.#..#.#
.#.#..# #.#..#.'.
+.#..#### ##
#.'..+###+###'..'..# #.
#.#..#....^..#..##.###.
...#..#.......#..#...##.
#.##
###'###+###'###......


You could see 5 killer bees.

Vanquished Creatures
  Pikel (D:4)
  2 water moccasins
  An orc warrior (D:6)
  An ice beast (D:7)
  2 black bears (D:6)
  2 ogres
  2 centaurs
  2 lemures (D:4)
  A phantom (D:5)
  2 necrophages (D:6)
  A gnoll sergeant (D:7)
  A scorpion (D:6)
  5 wights (D:6)
  4 hounds
  A jelly (D:5)
  An iguana (D:5)
  2 orc wizards (D:3)
  A mummy (D:3)
  3 gnolls (D:7)
  An adder (D:2)
  2 shadow imps (D:6)
  A white imp (D:7)
  2 ufetubi (D:5)
  3 worms
  A dart slug (D:2)
  11 orcs
  10 ball pythons
  6 endoplasms
  10 goblins
  3 hobgoblins
  4 jackals (D:1)
  7 quokkas
  7 bats
  3 frilled lizards
  7 kobolds
  3 rats
116 creatures vanquished.

Vanquished Creatures (others)
  3 plants
3 creatures vanquished.

Grand Total: 119 creatures vanquished

Notes
Turn   | Place    | Note
-------+----------+-------------------------------------------
     0 | D:1      | LustLizard the Troll Fighter began the quest for the Orb.
     0 | D:1      | Reached XP level 1. HP: 22/22 MP: 0/0
   110 | D:1      | Reached XP level 2. HP: 29/29 MP: 1/1
   446 | D:1      | Reached XP level 3. HP: 36/36 MP: 2/2
   465 | D:1      | Found a faded altar of an unknown god.
   603 | D:2      | Reached skill level 3 in Unarmed Combat
   879 | D:2      | Found a glowing silver altar of Zin.
  1021 | D:3      | Found a snail-covered altar of Cheibriados.
  1031 | D:3      | Reached XP level 4. HP: 33/44 MP: 3/3
  1386 | D:3      | Reached XP level 5. HP: 52/53 MP: 4/4
  1453 | D:3      | Reached skill level 4 in Unarmed Combat
  1634 | D:4      | Found Deenoemm's Assorted Antiques.
  1652 | D:4      | Bought a scroll labelled IWOLAPS HELO for 22 gold pieces
  1652 | D:4      | Bought a scroll labelled NIFOFUT TAKKIUF for 22 gold pieces
  1652 | D:4      | Bought a scroll labelled BEUTOU FUTUE for 22 gold pieces
  1928 | D:4      | Noticed a lemure
  1928 | D:4      | Noticed a lemure
  1999 | D:4      | Killed a lemure
  2008 | D:4      | Killed a lemure
  2098 | D:4      | Found a burning altar of Makhleb.
  2133 | D:4      | Noticed Pikel
  2141 | D:4      | Noticed a lemure
  2142 | D:4      | Killed Pikel
  2143 | D:4      | Reached skill level 6 in Unarmed Combat
  2143 | D:4      | Reached XP level 6. HP: 50/62 MP: 5/5
  2143 | D:4      | Reached XP level 7. HP: 56/70 MP: 6/6
  2314 | D:5      | Entered Level 5 of the Dungeon
  2314 | D:5      | Found Xon Ruosigu's Assorted Antiques.
  2315 | D:5      | Found Alamawau's Antique Armour Shop.
  2372 | D:5      | Bought a scroll labelled HURE TATAGOEGH for 26 gold pieces
  2372 | D:5      | Bought 2 scrolls labelled IWOLAPS HELO for 52 gold pieces
  2376 | D:5      | Found an ornate altar of the Wu Jian Council.
  2385 | D:5      | Became a worshipper of the Wu Jian Council
  2603 | D:5      | Found Jileluy's General Store.
  2609 | D:5      | Reached skill level 5 in Shields
  2895 | D:5      | Reached XP level 8. HP: 76/79 MP: 7/7
  3133 | D:6      | Reached skill level 7 in Unarmed Combat
  3263 | D:6      | Found Sesulaed's Antique Armour Emporium.
  3393 | D:6      | Reached skill level 5 in Fighting
  3503 | D:6      | Reached skill level 8 in Unarmed Combat
  3584 | D:6      | Reached * piety under Wu Jian
  4125 | D:6      | Found a glowing silver altar of Zin.
  4125 | D:6      | Found a broken altar of Ashenzari.
  4279 | D:6      | Reached XP level 9. HP: 88/88 MP: 8/8
  4560 | D:7      | Found a staircase to the Ecumenical Temple.
  4752 | D:7      | Reached skill level 9 in Unarmed Combat
  4790 | D:7      | Found a blossoming altar of Fedhas.
  4800 | D:7      | HP: 2/89 [killer bee (3)]
  4803 | D:7      | Slain by a killer bee

Illustrated notes

Levels and vault maps discovered:
D:1:      heliophobic_arrival_glass_houses, layout_rooms, serial_forest,
          infiniplex_forest_lined_room_, infiniplex_forest_end_1,
          infiniplex_forest_lined_2, infiniplex_forest_clump_medium,
          infiniplex_forest_clump_large, shapermc_ecumenical_altar_mp_vishouse,
          wad_floor_pattern_untrapped
D:2:      layout_rooms, basic_altar
D:3:      layout_basic, slow_altar_1
D:4:      layout_gridville, makhleb_blood_cavern_becter,
          kennysheep_windowed_goal, uniq_pikel
D:5:      layout_loops_ring, nicolae_wu_jian_wuxing_cycle, serial_shops,
          nicolae_stop_n_shop_1, shop, shop
D:6:      layout_layer_cave, nicolae_overflow_two_pavilions, serial_shops,
          nicolae_shop_overgrown_old_shop
D:7:      layout_loops_ring, mainiacjoe_overflow_24_doors,
          minmay_temple_entry_hall, uniq_menkaure

Skill      XL: |  1  2  3  4  5  6  7  8  9 |
---------------+----------------------------+-----
Shields        | 3 4 5 6 |  6.2
Unarmed Combat | 3 6 8 9 |  9.0
Fighting       | 3 4 5 |  5.6
Dodging        | |  2.4

Action                   |  1- 3 |  4- 6 |  7- 9 || total
-------------------------+-------+-------+-------++-------
Melee: Unarmed           |   119 |    97 |   137 ||   353
Invok: Lunge             |       |       |    12 ||    12
  Use: Potion            |       |     1 |     4 ||     5
       Scroll            |       |       |    10 ||    10
 Stab: Sleeping          |       |     1 |       ||     1
Armor: Robe              |    44 |    22 |    35 ||   101
Dodge: Dodged            |    51 |    32 |    60 ||   143
Block: Kite shield       |    47 |    33 |    56 ||   136
